cohdb
Replays
Latest Replays
All Replays
Popular Replays
Top Player Replays
Match Explorer
How It Works
Community
CoH3 Stats
Reddit
Sign in to upload your games and track your stats! →
Sign in with Steam
Match 41498058
Unlisted
Match 41498058
Overview
Messages
Build Orders
End
Construct Weapon Support Center
Selects Airborne Battlegroup
Selects Heavy Machine Gun Paradrop
Heavy Machine Gun Paradrop
Bazooka Squad
Heavy Machine Gun Paradrop
Air Support Center
Heavy Machine Gun Paradrop
P-47 Strafing Run
M3 Armored Personnel Carrier
Selects Paratrooper Squad Paradrop
Grasshopper Recon Run
Paratrooper Squad Paradrop
Grasshopper Recon Run
Construct Tank Depot
P-47 Strafing Run
P-47 Dive Bomb
Grasshopper Recon Run
M4A1 Sherman Medium Tank
Grasshopper Recon Run
P-47 Dive Bomb
M4A1 Sherman Medium Tank
Selects Anti-tank Gun Team Paradrop
Selects Recon Loiter
Engineer Squad
Grasshopper Recon Run
Selects Supply Drop
Supply Drop
Grasshopper Recon Run
P-47 Dive Bomb
Engineer Squad
P-47 Strafing Run
Supply Drop
P-47 Dive Bomb
Supply Drop
Grasshopper Recon Run
Recon Loiter
Kylen
runningDuck
asheswin
妖杨
Marieddu26 ITA
Fabioski
XAPA KENTE
OKW 1st Guards Motor
0
0
Comments
sign in to comment!
No comments posted yet!